AoeStats
← jeff0511

Oasis

508900555Analyzed
4v4 RM · 8d ago on Sep 24, 2026· 38m 5s· 8 players
Game mode
Random Map
Map size
Large (8 player)
Population
200
Speed
Normal
Resources
Standard
Victory
Conquest
Starting age
Dark Age
Ending age
Imperial Age
RankedLock teamsTeams togetherTeam positionsShared explorationLock speedFull tech treeHidden civsTurbo modeCheats
Victory
Defeat
🇷🇺 Danes · Russia
1156
+14
🇷🇺 Vietnamese · Russia
1128
+15
🇹🇷 Cumans · Türkiye
1100
+16
🇵🇱 Italians · Poland
1071
+18
🇻🇳 Celts · Vietnam
1119
-16
🇹🇼 Khmer · Taiwan
1116
-16
🇹🇼 Sicilians · Taiwan
1106
-16
🇺🇸 Burmese · United States
1092
-15
kubeszek
8:27 Loom
12:05 Feudal Age
12:23 Man-at-Arms
14:04 Double-Bit Axe
16:00 Horse Collar
20:55 Castle Age
19:04 Gold Mining
19:19 Fletching
20:33 Padded Archer Armor
21:11 Crossbowman
22:43 Bodkin Arrow
24:42 Thumb Ring
25:07 Bow Saw
27:15 Wheelbarrow
27:08 Town Watch
31:10 Leather Archer Armor
31:07 Heavy Plow
33:03 Hand Cart
35:02 Scale Barding Armor
37:50 Imperial Age
36:05 Ballistics
35:27 Treadmill Crane
36:56 Town Patrol
38:37 Chain Barding Armor
black_magick_in_june
5:32 Loom
12:17 Feudal Age
13:09 Double-Bit Axe
14:28 Scale Barding Armor
14:34 Forging
16:29 Horse Collar
23:06 Castle Age
24:12 Bloodlines
24:08 Husbandry
25:11 Chain Barding Armor
25:27 Iron Casting
25:50 Bow Saw
25:43 Light Cavalry
29:59 Heavy Plow
33:17 Gold Mining
33:19 Stone Mining
38:31 Wheelbarrow
micendice
7:40 Loom
9:54 Feudal Age
10:34 Man-at-Arms
11:39 Double-Bit Axe
14:02 Horse Collar
18:20 Fletching
23:52 Castle Age
30:39 Bow Saw
zeyrek
11:13 Feudal Age
12:00 Double-Bit Axe
14:04 Horse Collar
17:16 Castle Age
17:04 Double-Bit Axe
18:04 Loom
19:13 Wheelbarrow
18:52 Bow Saw
19:45 Wheelbarrow
22:48 Bloodlines
22:44 Scale Barding Armor
22:54 Stone Mining
25:30 Gold Mining
27:07 Hand Cart
27:13 Forging
29:59 Chain Barding Armor
30:15 Iron Casting
32:28 Imperial Age
30:15 Heavy Plow
31:13 Gold Shaft Mining
30:46 Steppe Husbandry
32:53 Elite Steppe Lancer
33:33 Town Watch
35:59 Two-Man Saw
35:34 Conscription
35:50 Plate Barding Armor
Lord Tay
0:44 Loom
13:58 Feudal Age
14:39 Arson
14:37 Man-at-Arms
20:29 Forging
20:24 Scale Mail Armor
23:54 Horse Collar
26:59 Wheelbarrow
29:17 Castle Age
29:41 Pikeman
30:22 Squires
30:08 Gambesons
31:05 Iron Casting
30:47 Chain Mail Armor
31:59 Redemption
32:10 Sanctity
32:01 Fervor
33:23 Hand Cart
kenghsien77
11:26 Feudal Age
15:16 Castle Age
31:24 Bloodlines
satc1014
4:53 Loom
10:31 Feudal Age
14:23 Castle Age
25:47 Double-Bit Axe
25:44 Horse Collar
31:22 Wheelbarrow
32:22 Pikeman
32:53 Gambesons
35:21 Gold Mining
jeff0511
11:40 Feudal Age
12:36 Loom
16:11 Castle Age
16:03 Double-Bit Axe
16:00 Horse Collar
16:18 Fletching
22:20 Loom
26:33 Bodkin Arrow
28:02 Town Watch
32:18 Scale Mail Armor
34:39 Pikeman
Connection lost

Rejoining the realm…

Still unreachable

The connection could not be restored.

Session expired

The server has moved on; the page needs a fresh start.